 Dungeon Crawl Stone Soup version 0.28.0-49-g6dfe1f597d (webtiles) character file.

Game seed: 10719085188136895889

75 Keeper01 the Chopper (level 4, 0/40 HPs)
             Began as a Hill Orc Monk on May 11, 2022.
             Was a Believer of Okawaru.
             Succumbed to an adder's poison
             ... on level 2 of the Dungeon.
             The game lasted 00:08:21 (2135 turns).

Keeper01 the Chopper (Hill Orc Monk)                Turns: 2135, Time: 00:08:22

Health: 0/40       AC:  3    Str: 15    XL:     4   Next: 31%
Magic:  2/4        EV: 15    Int: 16    God:    Okawaru [**....]
Gold:   37         SH:  0    Dex: 13    Spells: 3/3 levels left

rFire   . . .      SeeInvis .   a - +0 hand axe
rCold   . . .      Faith    .   (no shield)
rNeg    . . .      Spirit   .   e - +0 leather armour
rPois   .          Reflect  .   (no helmet)
rElec   .          Harm     .   (no cloak)
rCorr   .          Rampage  .   (no gloves)
Will    .....                   (no boots)
Stlth   +++.......              (no amulet)
HPRegen 0.13/turn               d - +6 ring of intelligence
MPRegen 0.09/turn               (no ring)

@: lethally poisoned (0 -> -3), heroic
A: no striking features
a: Renounce Religion, Heroism


You were on level 2 of the Dungeon.
You worshipped Okawaru.
Okawaru was pleased with you.
You visited 1 branch of the dungeon, and saw 2 of its levels.

You collected 37 gold pieces.

Inventory:

Hand Weapons
 a - a +0 hand axe (weapon)
Armour
 b - a +0 robe
 e - a +0 leather armour (worn)
Jewellery
 d - a +6 ring of intelligence (left hand)
Scrolls
 f - a scroll of identify {unknown}
 h - a scroll of noise {unknown}
Potions
 c - a potion of heal wounds {unknown}


   Skills:
 + Level 4.2(9.2) Fighting
 + Level 5.1(10.1) Axes
 + Level 1.4(6.4) Armour
 + Level 2.8(7.8) Dodging
 + Level 1.8(6.8) Stealth


You had 3 spell levels left.
You didn't know any spells.
Your spell library was empty.

Dungeon Overview and Level Annotations

Branches:
Dungeon (2/15)

Altars:
Okawaru

Shops:
D:1 *


Message History

The adder is moderately wounded.
The adder bites you but does no damage.
You barely miss the adder.
The adder is moderately wounded.
The adder closely misses you. The adder bites you.
You are poisoned.
The adder poisons you!
You barely miss the adder.
The adder is moderately wounded.
You feel sick. The adder bites you.
You closely miss the adder.
The adder is moderately wounded.
You feel sick. The adder bites you.
You hit the adder.
The adder is heavily wounded.
You feel sick. The adder bites you.
You are more poisoned.
The adder poisons you! The adder bites you.
You barely miss the adder.
The adder is heavily wounded.
You feel sick. The adder bites you.
You miss the adder.
The adder is heavily wounded.
You feel sick. The adder bites you but does no damage.
You completely miss the adder.
The adder is heavily wounded.
You feel sick. The adder bites you.
* * * LOW HITPOINT WARNING * * *
The adder bites you but does no damage.
You gain the combat prowess of a mighty hero.
You feel sick. The adder bites you.
* * * LOW HITPOINT WARNING * * *
You hit the adder.
The adder is almost dead.
You feel sick. The adder bites you.
* * * LOW HITPOINT WARNING * * *
You hit the adder.
You kill the adder!
Okawaru accepts your kill.
You die...

...#...........##.# ###..#
........†...##....# ##...
.......#########..####....
....##..#### #..........
....###....######.##......
.........#......#.#...#...
.##.$.....................
#................##.##...
.......†@........##.###..
.................##>##...
....<................#...
#................##......
#................# ##
##...........†..##
##............##
#########....# ####..


There were no monsters in sight!

Vanquished Creatures
  A hound (D:2)
  An adder (D:2)
  A dart slug (D:2)
  5 ball pythons
  4 bats (D:1)
  3 endoplasms
  2 giant cockroaches (D:1)
  7 goblins
  3 hobgoblins (D:1)
  4 jackals (D:1)
  2 kobolds (D:1)
  3 quokkas
  A frilled lizard (D:1)
  4 rats
41 creatures vanquished.

Notes
Turn   | Place    | Note
-------+----------+-------------------------------------------
     0 | D:1      | Keeper01 the Hill Orc Monk began the quest for the Orb.
     0 | D:1      | Reached XP level 1. HP: 19/19 MP: 1/1
   282 | D:1      | Found Emot's General Store.
   295 | D:1      | Reached XP level 2. HP: 18/27 MP: 2/2
  1035 | D:1      | Reached XP level 3. HP: 33/33 MP: 3/3
  1730 | D:2      | Found an iron altar of Okawaru.
  1749 | D:2      | Became a worshipper of Warmaster Okawaru
  1749 | D:2      | Reached * piety under Okawaru
  1749 | D:2      | Reached ** piety under Okawaru
  1836 | D:2      | Reached skill level 5 in Axes
  1836 | D:2      | Reached skill level 1 in Armour
  1836 | D:2      | Reached XP level 4. HP: 9/40 MP: 1/4
  2134 | D:2      | HP: 1/40 [adder (4)]
  2135 | D:2      | Succumbed to an adder's poison

Illustrated notes

Levels and vault maps discovered:
D:1:      matt_arrival_refuge, layout_basic, serial_shops, shop,
          minmay_quantized
D:2:      layout_rooms, basic_altar, minmay_misc_feat_columns

Skill      XL: |  1  2  3 |
---------------+----------+-----
Fighting       | 4 |  4.2
Axes           | 5 |  5.1
Armour         | 1 |  1.4
Dodging        | |  2.8
Stealth        | |  1.8

Action                   |  1- 3 |  4- 6 || total
-------------------------+-------+-------++-------
Melee: Hand axe          |   103 |    24 ||   127
       Punch             |     1 |       ||     1
Invok: Heroism           |     1 |     1 ||     2
  Use: Scroll            |     1 |       ||     1
       Potion            |     1 |       ||     1
 Stab: Sleeping          |     2 |       ||     2
Armor: Robe              |    10 |       ||    10
       Leather armour    |    26 |     8 ||    34
Dodge: Dodged            |    97 |    13 ||   110
